 Dungeon Crawl Stone Soup version 0.23.2-33-g5129a83184 (webtiles) character file.

Game seed: 9457314845047486945

13293 FishyPogo the Cleaver (level 12, -4/159 HPs)
             Began as a Hill Orc Berserker on July 27, 2019.
             Was an Elder of Trog.
             Slain by Donald
             ... wielding a +0 long sword
              (12 damage)
             ... on level 2 of the Orcish Mines.
             The game lasted 01:48:04 (12928 turns).

FishyPogo the Cleaver (Hill Orc Berserker)         Turns: 12928, Time: 01:48:04

Health: -4/159     AC: 18    Str: 27 (29) XL:     12   Next: 4%
Magic:  15/15      EV: 11    Int:  6 (7)  God:    Trog [****..]
Gold:   1027       SH:  0    Dex:  8 (11) Spells: 11/11 levels left

rFire    . . .     SeeInvis .   a - +2 hand axe (freeze)
rCold    . . .     Gourm    +   (no shield)
rNeg     + . .     Faith    .   t - +1 chain mail
rPois    +         Spirit   .   P - +0 helmet
rElec    .         Reflect  .   q - +0 cloak {+Inv}
rCorr    .         Harm     .   Q - +0 pair of gloves
MR       .....                  C - +0 pair of boots
Stlth    ..........             r - amulet of the gourmand
HPRegen  0.36/turn              f - ring of poison resistance
MPRegen  0.14/turn              L - ring of positive energy

@: berserking (expiring), very quick
A: no striking features
a: Berserk, Trog's Hand, Brothers in Arms, Renounce Religion, Evoke Invisibility


You were on level 2 of the Orcish Mines.
You worshipped Trog.
Trog was greatly pleased with you.
You were very full.

You visited 3 branches of the dungeon, and saw 15 of its levels.
You also visited: Sewer.

You collected 1027 gold pieces.

Inventory:

Hand Weapons
 a - a +2 hand axe of freezing (weapon)
 b - a +3 quarterstaff of chaos
 E - a +0 bardiche
 F - a +1 war axe
 G - a +3 hand axe
 H - a +2 mace of draining
Missiles
 l - 325 stones (quivered)
 m - 3 silver javelins
 D - 14 exploding tomahawks
 K - 9 javelins
 O - a throwing net
Armour
 q - a +0 cloak of invisibility (worn)
 t - a +1 chain mail (worn)
 C - a +0 pair of boots (worn)
 M - a +2 robe of positive energy
 P - a +0 helmet (worn)
 Q - a +0 pair of gloves (worn)
 R - a +0 troll leather armour
Jewellery
 f - a ring of poison resistance (left hand)
 r - an amulet of the gourmand (around neck)
 L - a ring of positive energy (right hand)
Wands
 x - a wand of disintegration (8)
 y - a wand of flame (16)
 B - a wand of digging (4)
 N - a wand of enslavement (2)
Scrolls
 i - 9 scrolls of identify
 n - 3 scrolls of blinking
 s - 4 scrolls of remove curse
 v - 8 scrolls of teleportation
 w - 2 scrolls of enchant armour
 J - 2 scrolls of enchant weapon
Potions
 d - 8 potions of curing
 e - 3 potions of agility
 g - a potion of cancellation {unknown}
 h - 5 potions of flight
 j - a potion of brilliance {unknown}
 k - 3 potions of mutation {unknown}
 o - a potion of might {unknown}
 p - a potion of degeneration
 u - 2 potions of resistance
 z - 2 potions of heal wounds
 A - a potion of magic {unknown}
 S - a potion of lignification {unknown}
Comestibles
 c - 22 rations
 I - 4 chunks of flesh


   Skills:
 + Level 10.0 Fighting
 + Level 12.0 Axes
 - Level 6.0 Staves
   Level 1.4(3.1) Slings
 + Level 4.2(4.4) Throwing
 + Level 10.0 Armour
 + Level 6.1 Dodging
 * Level 4.5 Evocations


You had 11 spell levels left.
You didn't know any spells.
Your spell library was empty.

Dungeon Overview and Level Annotations

Branches:
Dungeon (11/15)            Temple (0/1) D:7            Lair (2/6) D:10
    Orc (2/2) D:11
  Swamp: Lair:2-4    Shoals: Lair:2-4     Snake: Lair:2-4    Spider: Lair:2-4
    Elf: Orc:2

Altars:
Ashenzari
Gozag
Hepliaklqana
Makhleb
Nemelex Xobeh
Okawaru
Ru
Sif Muna
Vehumet
Wu Jian
Xom
Zin
The Shining One

Annotations:
D:3 Doubledoor
D:8 Prince Ribbit
Lair:1 exclusion: oklob plant
Lair:2 Gastronok
Orc:2 Donald


Message History

Donald is heavily wounded.
Donald hits you with a +0 long sword!
* * * LOW HITPOINT WARNING * * *
You slash Donald! You freeze Donald!
Donald is severely wounded.
Donald hits you with a +0 long sword.
* * * LOW HITPOINT WARNING * * *
Some of the chunks of flesh in your inventory have rotted away.
Donald blocks your attack.
Donald is severely wounded.
Donald blocks your attack.
Donald is severely wounded.
Donald hits you with a +0 long sword!!
* * * LOW HITPOINT WARNING * * *
Donald blocks your attack.
Donald is severely wounded.
You slash Donald! You freeze Donald.
Donald is severely wounded.
Donald hits you with a +0 long sword!
You die...

## #...##.##.###
##.##..## .....#
#......## .#..##
##...#...# #...#
#.....#.## #...#
##.......#..$..#
##....#<#.......
##....@...#.....#
#.....@..#.##.##$
##..............
#...^...........
#................
##......$.......
#..........#....
#..............
#............


You could see Donald.

Vanquished Creatures
  A hydra (D:8)
  Harold (D:9)
  The ghost of tlchr the Nimble, a novice DrTm (D:8)
  Maurice (Orc:1)
  A spiny frog (Lair:2)
  A rime drake (Lair:2)
  A troll (D:10)
  4 hippogriffs
  A vampire (D:10)
  A human (D:8)
  3 hogs (D:8)
  A basilisk (Lair:2)
  19 yaks
  2 hungry ghosts (D:9)
  2 swamp worms (Lair:2)
  2 porcupines
  5 orc warriors
  An ice beast (D:5)
  4 phantoms
  A necrophage (D:8)
  2 sky beasts
  4 ogres
  4 centaurs
  2 big kobolds
  3 crocodiles
  5 bullfrogs
  3 scorpions
  6 killer bees (D:8)
  4 wights (D:9)
  A howler monkey (D:8)
  3 crimson imps
  2 quasits (D:9)
  6 hounds
  10 orc wizards
  Crazy Yiuf (D:4)
  2 orc priests (D:9)
  5 jellies
  2 bullfrog skeletons
  3 centaur skeletons
  2 iguanas
  10 worker ants
  A merfolk siren (Sewer)
  A merfolk avatar (Sewer)
  A killer bee zombie (D:6)
  A hound zombie (D:5)
  2 hound skeletons
  A howler monkey zombie (D:9)
  14 adders
  11 gnolls
  4 river rats
  2 shadow imps
  4 oozes
  2 worms
  3 leopard geckos
  35 orcs
  9 bats
  6 giant cockroaches
  6 goblins
  9 hobgoblins
  3 jackals (D:3)
  5 quokkas
  3 ball pythons
  9 frilled lizards
  A jackal skeleton (D:5)
  21 kobolds
  A leopard gecko zombie (D:6)
  29 rats
317 creatures vanquished.

Vanquished Creatures (collateral kills)
  2 orc wizards (Orc:1)
2 creatures vanquished.

Grand Total: 319 creatures vanquished

Notes
Turn   | Place    | Note
-------+----------+-------------------------------------------
     0 | D:1      | FishyPogo the Hill Orc Berserker began the quest for the
                  | Orb.
     0 | D:1      | Reached XP level 1. HP: 19/19 MP: 1/1
   182 | D:1      | Reached XP level 2. HP: 25/27 MP: 2/2
   472 | D:1      | Reached XP level 3. HP: 33/33 MP: 3/3
   547 | D:1      | Reached ** piety under Trog
  1097 | D:2      | Reached skill level 1 in Throwing
  1116 | D:2      | Found a radiant altar of Vehumet.
  1425 | D:2      | Found a glowing silver altar of Zin.
  1428 | D:2      | Found a burning altar of Makhleb.
  1429 | D:2      | Noticed a cacodemon
  1429 | D:2      | Noticed an angel
  1555 | D:2      | Reached XP level 4. HP: 34/40 MP: 4/4
  1699 | D:2      | Found a faded altar of an unknown god.
  1852 | D:2      | Found a sparkling altar of Nemelex Xobeh.
  2032 | D:3      | Reached XP level 5. HP: 45/47 MP: 5/5
  2727 | D:4      | Reached skill level 5 in Fighting
  2731 | D:4      | Reached skill level 5 in Axes
  2988 | D:4      | Reached XP level 6. HP: 47/56 MP: 6/6
  2999 | D:4      | Found a runed translucent door.
  3000 | D:4      | Noticed Crazy Yiuf
  3138 | D:4      | Reached *** piety under Trog
  3139 | D:4      | Found a glowing drain.
  3152 | Sewer    | Entered a sewer
  3432 | Sewer    | Reached XP level 7. HP: 58/62 MP: 7/7
  3452 | Sewer    | Received a gift from Trog
  3841 | D:4      | Killed Crazy Yiuf
  3973 | D:5      | Entered Level 5 of the Dungeon
  4225 | D:5      | Found a sacrificial altar of Ru.
  4414 | D:5      | Reached skill level 6 in Axes
  4414 | D:5      | Reached XP level 8. HP: 44/73 MP: 8/8
  4459 | D:5      | Found a shattered altar of Ashenzari.
  4537 | D:5      | Found an iron altar of Okawaru.
  5435 | D:6      | Reached skill level 1 in Staves
  5714 | D:6      | Reached skill level 5 in Armour
  6199 | D:6      | Found an ornate altar of the Wu Jian Council.
  6200 | D:6      | Found a shimmering altar of Xom.
  6504 | D:7      | Reached skill level 7 in Axes
  6669 | D:7      | Found a staircase to the Ecumenical Temple.
  6937 | D:7      | Found a deep blue altar of Sif Muna.
  7240 | D:7      | Reached XP level 9. HP: 67/79 MP: 9/9
  7336 | D:8      | You fall through a shaft for 2 floors!
  7336 | D:10     | Entered Level 10 of the Dungeon
  7411 | D:9      | Reached skill level 8 in Axes
  7798 | D:8      | Reached skill level 9 in Axes
  7875 | D:8      | Reached XP level 10. HP: 89/89 MP: 10/10
  7883 | D:8      | Reached **** piety under Trog
  7912 | D:8      | Found a runed translucent gate.
  7912 | D:8      | Found a runed translucent gate.
  7912 | D:8      | Found an opulent altar of Gozag.
  7912 | D:8      | Found a runed translucent gate.
  7912 | D:8      | Noticed a four-headed hydra
  7912 | D:8      | Noticed tlchr's ghost (novice DrTm)
  7926 | D:8      | Killed a four-headed hydra
  7926 | D:8      | Reached skill level 5 in Staves
  7944 | D:8      | Killed tlchr's ghost
  7944 | D:8      | Reached skill level 10 in Axes
  8000 | D:8      | Noticed Prince Ribbit
  8261 | D:8      | Found a hazy altar of Hepliaklqana.
  8361 | D:8      | Reached skill level 5 in Dodging
  8772 | D:9      | Noticed Harold
  8796 | D:9      | Killed Harold
  8796 | D:9      | Reached skill level 11 in Axes
  8796 | D:9      | Reached skill level 1 in Evocations
  8796 | D:9      | Reached XP level 11. HP: 70/97 MP: 10/12
  9254 | D:9      | Found a glowing golden altar of the Shining One.
 10375 | D:10     | Found a staircase to the Lair.
 10531 | Lair:1   | Entered Level 1 of the Lair of Beasts
 10700 | Lair:1   | Reached skill level 1 in Slings
 11141 | Lair:1   | Noticed an oklob plant
 11922 | Lair:2   | Noticed Gastronok
 12283 | D:11     | Found Xeji's Antique Weapon Boutique.
 12610 | D:11     | Reached skill level 10 in Fighting
 12610 | D:11     | Reached skill level 10 in Armour
 12634 | D:11     | Found a staircase to the Orcish Mines.
 12671 | Orc:1    | Entered Level 1 of the Orcish Mines
 12671 | Orc:1    | Noticed Maurice
 12695 | D:11     | Reached skill level 12 in Axes
 12695 | D:11     | Reached XP level 12. HP: 106/106 MP: 15/15
 12774 | Orc:1    | Killed Maurice
 12881 | Orc:2    | Entered Level 2 of the Orcish Mines
 12891 | Orc:2    | Noticed Donald
 12928 | Orc:2    | Slain by Donald

Skill      XL: |  1  2  3  4  5  6  7  8  9 10 11 |
---------------+----------------------------------+-----
Fighting       | 4 5 7 8 9 10 | 10.0
Throwing       | 1 2 3 4 |  4.2
Dodging        | 2 3 4 5 6 |  6.1
Armour         | 3 4 5 7 9 10 | 10.0
Axes           | 5 6 7 9 11 12 | 12.0
Staves         | 2 4 6 |  6.0
Evocations     | 1 4 |  4.5
Slings         | 1 |  1.4

Action                   |  1- 3 |  4- 6 |  7- 9 | 10-12 || total
-------------------------+-------+-------+-------+-------++-------
Melee: Hand axe          |   143 |   244 |   150 |   422 ||   959
       Quarterstaff      |       |       |   127 |    60 ||   187
       War axe           |       |       |   140 |    24 ||   164
Throw: Stone             |     1 |       |     5 |     9 ||    15
Invok: Berserk           |     1 |     6 |     7 |    11 ||    25
       Trog's Hand       |     1 |     5 |    15 |    13 ||    34
       Brothers in Arms  |       |       |       |     2 ||     2
  Use: Scroll            |       |     6 |     3 |     5 ||    14
       Potion            |       |     1 |     3 |     3 ||     7
 Stab: Paralysed         |       |       |     1 |       ||     1
       Petrified         |       |       |     3 |       ||     3
       Petrifying        |       |       |       |     1 ||     1
  Eat: Chunk             |     4 |    24 |    25 |    44 ||    97
       Ration            |       |       |       |     1 ||     1
Armor: Animal skin       |     6 |       |       |       ||     6
       Leather armour    |    45 |       |       |       ||    45
       Ring mail         |     3 |    28 |       |       ||    31
       Chain mail        |       |    96 |   267 |   274 ||   637
Dodge: Dodged            |   108 |   147 |   184 |   239 ||   678
